 Dungeon Crawl Stone Soup version 0.29.1-12-g30fa7ad0bf (webtiles) character file.

Game seed: 10848829674172738935

59 SaifuuSuri the Insei (level 4, 0/35 HPs)
             Began as a Human Monk on Dec 25, 2022.
             Succumbed to an adder's poison
             ... on level 2 of the Dungeon.
             The game lasted 00:18:55 (1543 turns).

SaifuuSuri the Insei (Human Monk)                   Turns: 1543, Time: 00:18:56

Health: 0/35       AC:  2    Str: 14    XL:     4   Next: 22%
Magic:  4/4        EV: 13    Int: 10    God:
Gold:   52         SH:  0    Dex: 13    Spells: 3/3 levels left

rFire   . . .      SeeInvis .     - Unarmed
rCold   . . .      Faith    .   (no shield)
rNeg    . . .      Spirit   .   a - +0 robe
rPois   .          Reflect  .   (no helmet)
rElec   .          Harm     .   (no cloak)
rCorr   .          Rampage  .   (no gloves)
Will    .....                   (no boots)
Stlth   ++........              (no amulet)
HPRegen 0.11/turn               (no ring)
MPRegen 0.09/turn               (no ring)

@: lethally poisoned (0 -> -2)
A: fangs 1, clumsy 1
a: no special abilities


You were on level 2 of the Dungeon.
You visited 1 branch of the dungeon, and saw 2 of its levels.

You collected 52 gold pieces.

Inventory:

Hand Weapons
 m - the +2 whip "Cyprutio" {vorpal, rC+}
   (You found it on level 2 of the Dungeon)

   It inflicts extra damage upon your enemies.
   rC:        It protects you from cold.
Missiles
 f - 7 poisoned darts
Armour
 a - a +0 robe (worn)
Magical Staves
 l - a staff of earth
Scrolls
 c - a scroll of magic mapping {unknown}
 e - a scroll of noise {unknown}
 g - a scroll of amnesia {unknown}
 h - 2 scrolls of poison {unknown}
 n - a scroll of identify {unknown}
Potions
 b - a potion of mutation
 d - a potion of attraction
 j - a potion of lignification {unknown}
 k - a potion of flight {unknown}


   Skills:
 + Level 3.5 Fighting
 + Level 3.4 Dodging
 - Level 2.0 Stealth
 * Level 4.0 Unarmed Combat


You had 3 spell levels left.
You didn't know any spells.
Your spell library contained the following spells:

 Spells                   Type           Power      Damage    Failure   Level
 Apportation              Tloc           0%         N/A       36%         1
 Alistair's Intoxication  Tmut/Pois      0%         N/A       100%        5


Dungeon Overview and Level Annotations

Branches:
Dungeon (2/15)

Altars:

Shops:
D:2 :


Innate Abilities, Weirdness & Mutations

You have very sharp teeth.
You are clumsy. (Dex -2)


Message History

The adder attacks as you move away! The adder closely misses you.
You feel sick.
You feel sick. The adder bites you but does no damage.
You hit the adder.
The adder is severely wounded.
The adder bites you.
* * * LOW HITPOINT WARNING * * *
You are lethally poisoned!
The adder poisons you!
You barely miss the adder. Your punch misses the adder.
Your bite misses the adder.
The adder is severely wounded.
* * * LOW HITPOINT WARNING * * *
You feel sick. The adder barely misses you.
You closely miss the adder. Your bite misses the adder.
The adder is severely wounded.
* * * LOW HITPOINT WARNING * * *
You feel sick. The adder barely misses you. The hobgoblin barely misses you.
You hit the adder.
You kill the adder!
* * * LOW HITPOINT WARNING * * *
You feel sick. The bat hits you but does no damage. x2
The bat barely misses you. The hobgoblin barely misses you.
Your Unarmed Combat skill increases to level 4!
Okay, then.
What are your orders? t - Shout!
Orders for allies: a - Attack new target. r - Retreat! s - Stop attacking. g - Guard the area. f - Follow me.
Anything else - Cancel.
Okay, then.
Okay, then.
It was a potion of cancellation.
You feel magically purged.
* * * LOW HITPOINT WARNING * * *
You feel sick. The bat hits you but does no damage. x2
The hobgoblin misses you.
You hit the hobgoblin.
The hobgoblin is severely wounded.
You die...

... .#########.##.# ..
...........##.# ##
#.## ######........ ..
..# #......###....
#.###.###)#######..##.
#.....##..# ....####
###.....## ####
######...gb###
#....b.##@.# #######
.....#####..# #.....#
.../ #.... #.....# ..
##..## #.....#
###..#########.###
.............#.####
###....####.......
####.# ###.##.. #.#
#.##..


You could see a hobgoblin and a bat.

Vanquished Creatures
  2 adders (D:2)
  4 endoplasms (D:1)
  4 goblins
  5 jackals
  2 quokkas (D:1)
  6 ball pythons
  4 bats
  4 frilled lizards (D:1)
  4 kobolds (D:1)
  3 rats
38 creatures vanquished.

Notes
Turn   | Place    | Note
-------+----------+-------------------------------------------
     0 | D:1      | SaifuuSuri the Human Monk began the quest for the Orb.
     0 | D:1      | Reached XP level 1. HP: 18/18 MP: 1/1
   124 | D:1      | Reached XP level 2. HP: 15/24 MP: 2/2
   384 | D:1      | Found a faded altar of an unknown god.
   589 | D:1      | Reached XP level 3. HP: 18/29 MP: 3/3
  1128 | D:2      | Gained mutation: You have very sharp teeth. [potion of
                  | mutation]
  1128 | D:2      | Gained mutation: You are clumsy. (Dex -2) [potion of
                  | mutation]
  1203 | D:2      | Found Ecayte Turgh's Book Boutique.
  1204 | D:2      | Identified the +2 whip "Cyprutio" {vorpal, rC+}
  1323 | D:2      | Reached XP level 4. HP: 20/35 MP: 4/4
  1542 | D:2      | Reached skill level 4 in Unarmed Combat
  1542 | D:2      | HP: 1/35 [poisoned by an adder]
  1543 | D:2      | Succumbed to an adder's poison

Illustrated notes

Levels and vault maps discovered:
D:1:      beargit_arrival_greenhouse, layout_basic,
          shapermc_ecumenical_altar_mp_highgroup
D:2:      layout_rooms, serial_shops, nicolae_shop_waterfront

Skill      XL: |  1  2  3  4 |
---------------+-------------+-----
Unarmed Combat | 4 |  4.0
Fighting       | |  3.5
Dodging        | |  3.4
Stealth        | |  2.0

Action                   |  1- 3 |  4- 6 || total
-------------------------+-------+-------++-------
Melee: Unarmed           |   121 |    20 ||   141
       Punch             |     1 |       ||     1
       Bite              |     2 |       ||     2
Throw: Dart              |     4 |       ||     4
  Use: Potion            |     3 |     1 ||     4
 Stab: Sleeping          |     6 |       ||     6
Armor: Robe              |    11 |     9 ||    20
Dodge: Dodged            |    72 |    15 ||    87
